 Dungeon Crawl Stone Soup version 0.27.1-1-g398f81649c (webtiles) character file.

Game seed: 12257074404930590755

296 speeev33 the Skirmisher (level 6, -1/56 HPs)
             Began as a Hill Orc Fighter on Sept 12, 2021.
             Engulfed by a cloud of steam (14 damage)
             ... on level 4 of the Dungeon.
             The game lasted 00:07:57 (3200 turns).

speeev33 the Skirmisher (Hill Orc Fighter)          Turns: 3200, Time: 00:07:58

Health: -1/56      AC: 16    Str: 21    XL:     6   Next: 34%
Magic:  6/6        EV:  5    Int:  8    God:
Gold:   87         SH:  9    Dex: 10    Spells: 5/5 levels left

rFire    . . .     SeeInvis .   a - +0 war axe
rCold    . . .     Faith    .   c - +0 kite shield
rNeg     . . .     Spirit   .   f - +0 chain mail
rPois    .         Reflect  .   n - +0 helmet
rElec    .         Harm     .   (no cloak)
rCorr    .         Rampage  .   g - +0 pair of gloves
Will     .....                  (no boots)
Stlth    ..........             (no amulet)
HPRegen  0.18/turn              b - +4 ring of protection
MPRegen  0.10/turn              (no ring)

@: no status effects
A: no striking features
a: no special abilities


You were on level 4 of the Dungeon.
You visited 1 branch of the dungeon, and saw 4 of its levels.

You collected 87 gold pieces.

Inventory:

Hand Weapons
 a - a +0 war axe (weapon)
 l - a +0 flail
Armour
 c - a +0 kite shield (worn)
 f - a +0 chain mail (worn)
 g - a +0 pair of gloves (worn)
 n - a +0 helmet (worn)
Jewellery
 b - a +4 ring of protection (left hand)
Scrolls
 i - a scroll of teleportation
Potions
 d - a potion of degeneration
 e - a potion of ambrosia
 h - 2 potions of cancellation
 j - a potion of attraction
 k - a potion of invisibility {unknown}
 m - a potion of mutation {unknown}
 o - a potion of lignification {unknown}
 r - a potion of flight {unknown}


   Skills:
 + Level 5.1 Fighting
 + Level 4.8 Axes
 + Level 4.7 Armour
 + Level 4.7 Shields


You had 5 spell levels left.
You didn't know any spells.
Your spell library contained the following spells:

 Spells                   Type           Power      Damage    Failure   Level
 Corona                   Hex            0%         N/A       100%        1
 Blink                    Tloc           N/A        N/A       100%        2
 Corpse Rot               Necr/Air       N/A        N/A       100%        2
 Ensorcelled Hibernation  Hex/Ice        0%         N/A       100%        2
 Poisonous Vapours        Pois/Air       0%         N/A       100%        2
 Lesser Beckoning         Tloc           0%         N/A       100%        3
 Tukima's Dance           Hex            0%         N/A       100%        3
 Freezing Cloud           Conj/Ice/Air   0%         6-21      100%        5
 Manifold Assault         Tloc           0%         N/A       100%        5


Dungeon Overview and Level Annotations

Branches:
Dungeon (4/15)
 Temple: D:4-7

Altars:

Shops:
D:1 =!


Message History

You are engulfed in a cloud of scalding steam.
The steam dragon bites you. The steam dragon barely misses you.
You hit the steam dragon.
The steam dragon is moderately wounded.
You block the steam dragon's attack.
The steam dragon claws you but does no damage.
The steam dragon barely misses you. x2
You slash the steam dragon!
The steam dragon is severely wounded.
The steam dragon breathes steam at you. The ball of steam misses you.
You hear a shout!
You barely miss the steam dragon.
The steam dragon is severely wounded.
You are engulfed in a cloud of scalding steam.
The steam dragon bites you but does no damage.
The steam dragon claws you. You block the steam dragon's attack.
The steam dragon claws you.
You closely miss the steam dragon.
The steam dragon is severely wounded.
You are engulfed in a cloud of scalding steam.
You block the steam dragon's attack.
The steam dragon claws you but does no damage.
You slash the steam dragon!
The steam dragon is almost dead.
You are engulfed in a cloud of scalding steam.
You block the steam dragon's attack.
The steam dragon claws you but does no damage.
You block the steam dragon's attack. The steam dragon barely misses you.
A goblin comes into view. It is wielding a +0 dagger.
The goblin shouts!
The steam dragon breathes steam at you. The ball of steam hits you!
* * * LOW HITPOINT WARNING * * *
The goblin moves out of view.
You slash the steam dragon!
You kill the steam dragon!
The steam dragon scales are intact enough to wear.
You are engulfed in a cloud of scalding steam.
You die...

#########.# #.##.#
#.....# #....#
#####.....# #....#
..........# #....#
#####....## #....#
#...#....# #....
#####...#..§.#
........#(§..#
........#@§..##########
........[.....).......+
........###############
.......## .......
....... ....... ##.....
#....D


There were no monsters in sight!

Vanquished Creatures
  A steam dragon (D:4)
  A scorpion (D:2)
  A bullfrog zombie (D:4)
  Jessica (D:2)
  Terence (D:2)
  An iguana (D:3)
  Robin (D:3)
  A river rat (D:3)
  An adder (D:2)
  An adder skeleton (D:4)
  2 worms
  2 dart slugs
  An orc (D:3)
  8 bats
  8 endoplasms
  11 giant cockroaches
  15 goblins
  7 hobgoblins
  13 ball pythons
  2 kobolds
  6 rats
  A spectral hobgoblin (D:3)
86 creatures vanquished.

Notes
Turn   | Place    | Note
-------+----------+-------------------------------------------
     0 | D:1      | speeev33 the Hill Orc Fighter began the quest for the Orb.
     0 | D:1      | Reached XP level 1. HP: 19/19 MP: 1/1
   155 | D:1      | Reached XP level 2. HP: 27/27 MP: 2/2
   267 | D:1      | Found Japtohyck's Distillery.
   378 | D:1      | Found Raorhu Hoxzy's Jewellery Emporium.
   413 | D:1      | Reached skill level 4 in Fighting
   424 | D:1      | Reached XP level 3. HP: 33/33 MP: 3/3
  1242 | D:2      | Noticed Jessica
  1265 | D:2      | Killed Jessica
  1266 | D:2      | Reached XP level 4. HP: 16/41 MP: 4/4
  1462 | D:2      | Noticed Terence
  1478 | D:2      | Killed Terence
  1712 | D:2      | Noticed a scorpion
  1718 | D:2      | Killed a scorpion
  1719 | D:2      | Reached XP level 5. HP: 45/47 MP: 5/5
  2125 | D:3      | Found a faded altar of an unknown god.
  2428 | D:3      | Noticed Robin
  2454 | D:3      | Killed Robin
  2455 | D:3      | Reached skill level 5 in Fighting
  2455 | D:3      | Reached XP level 6. HP: 27/56 MP: 6/6
  3154 | D:4      | Noticed a steam dragon
  3200 | D:4      | Killed a steam dragon
  3200 | D:4      | Engulfed by a cloud of steam

Illustrated notes

Levels and vault maps discovered:
D:1:      dpeg_arrival_chambers_temple_mockup, layout_rooms, serial_shops, shop,
          shop, minmay_misc_feat_hallway, minivault_4, minmay_misc_feat_alley,
          minmay_worlds_worst_comb
D:2:      layout_basic, minmay_hedge_maze, uniq_jessica, uniq_terence
D:3:      layout_loops_ring, portal_sewer_entry_e,
          dreamdust_ecumenical_altar_drowned_temple, uniq_robin
D:4:      layout_basic

Skill      XL: |  1  2  3  4  5 |
---------------+----------------+-----
Axes           | 3 4 |  4.8
Fighting       | 4 5 |  5.1
Shields        | 4 |  4.7
Armour         | 4 |  4.7

Action                   |  1- 3 |  4- 6 || total
-------------------------+-------+-------++-------
Melee: War axe           |   101 |   122 ||   223
  Use: Scroll            |     2 |     6 ||     8
       Potion            |       |     1 ||     1
Armor: Scale mail        |     3 |       ||     3
       Chain mail        |    52 |    75 ||   127
Dodge: Dodged            |    27 |    29 ||    56
Block: Kite shield       |    50 |    80 ||   130
